3AA
FT. POLK SOUTH THUNDER HAWKS @ WESTWOOD SIXSHOOTERS
09/02/2022
 
TOP OF THE 1ST
Ft. Polk South Thunder Hawks batting - Pitching for Westwood Sixshooters : RHP Miguel Hernández
Pitching: RHP Miguel Hernández
Batting: SHB Francisco Reyes 0-0: Ball
1-0: Called Strike
1-1: Ground out 4-3 (Groundball, 4)
Batting: RHB Robbie Chambers 0-0: Foul Ball, location: 2F
0-1: SINGLE (Groundball, 23) (infield hit)
Batting: RHB Darrell Goldstein 0-0: Ball
Robbie Chambers is caught stealing 2nd base
1-0: Ball
2-0: Fly out, F9 (Flyball, 9LD)
Top of the 1st over - 0 run(s), 1 hit(s), 0 error(s), 0 left on base; Ft. Polk South 0 - Westwood 0
BOTTOM OF THE 1ST
Westwood Sixshooters batting - Pitching for Ft. Polk South Thunder Hawks : RHP Fernando Peralta
Pitching: RHP Fernando Peralta
Batting: RHB Manuel Becerra 0-0: Called Strike
0-1: Ground out 6-3 (Groundball, 6M)
Batting: RHB Jason Boyer 0-0: Ball
1-0: Ball
2-0: Ball
3-0: Called Strike
3-1: Base on Balls
Batting: RHB Wes Shannon 0-0: Ball
1-0: Reached on error, E6 (Groundball, 6)
Jason Boyer to second
Batting: RHB Ronnie Cleveland 0-0: Fly out, F9 (Flyball, 89M)
Batting: SHB Tim Moss 0-0: Ball
1-0: Called Strike
1-1: Ball
2-1: Foul Ball, location: 2F
2-2: Fly out, F3 (Popup, 3SF)
Bottom of the 1st over - 0 run(s), 0 hit(s), 1 error(s), 2 left on base; Ft. Polk South 0 - Westwood 0
TOP OF THE 2ND
Ft. Polk South Thunder Hawks batting - Pitching for Westwood Sixshooters : RHP Miguel Hernández
Batting: SHB Ted Hansen 0-0: Swinging Strike
0-1: Ball
1-1: Ball
2-1: Called Strike
2-2: Strikes out looking
Batting: RHB Jack Peck 0-0: Called Strike
0-1: Fly out, F9 (Line Drive, 9D)
Batting: RHB Tommy Stanley 0-0: Called Strike
0-1: Foul Ball, location: 2F
0-2: DOUBLE (Flyball, 7M)
Batting: SHB Paul Wright 0-0: Ball
1-0: Foul Ball, location: 2F
1-1: Ball
2-1: Foul Ball, location: 2F
2-2: Ground out 3-1 (Groundball, 34S)
Top of the 2nd over - 0 run(s), 1 hit(s), 0 error(s), 1 left on base; Ft. Polk South 0 - Westwood 0
BOTTOM OF THE 2ND
Westwood Sixshooters batting - Pitching for Ft. Polk South Thunder Hawks : RHP Fernando Peralta
Batting: RHB Jorge Morales 0-0: Ball
1-0: Called Strike
1-1: Swinging Strike
1-2: Ground out 6-3 (Groundball, 6M)
Batting: RHB Aurelio García 0-0: Ball
1-0: Foul Ball, location: 2F
1-1: SINGLE (Line Drive, 34D)
Batting: RHB Jim Unknown 0-0: Called Strike
0-1: Ball
1-1: Ball
2-1: Foul Ball, location: 2F
2-2: Foul Ball, location: 2F
2-2: Strikes out looking
Batting: RHB Sergio Martínez 0-0: Ball
1-0: Swinging Strike
1-1: Called Strike
1-2: Strikes out swinging
Bottom of the 2nd over - 0 run(s), 1 hit(s), 0 error(s), 1 left on base; Ft. Polk South 0 - Westwood 0
TOP OF THE 3RD
Ft. Polk South Thunder Hawks batting - Pitching for Westwood Sixshooters : RHP Miguel Hernández
Batting: LHB José López 0-0: Called Strike
0-1: Fly out, F8 (Flyball, 8RM)
Batting: RHB Henry Weber 0-0: Swinging Strike
0-1: Foul Ball, location: 2F
0-2: Ball
1-2: Foul Ball, location: 2F
1-2: Ball
2-2: Ball
3-2: Base on Balls
Batting: SHB Francisco Reyes 0-0: Ball
1-0: Fly out, F7 (Flyball, 78M)
Batting: RHB Robbie Chambers 0-0: Ball
1-0: Ball
2-0: Called Strike
2-1: Foul Ball, location: 2F
2-2: Ball
3-2: Foul Ball, location: 2F
3-2: Ground out 6-3 (Groundball, 6M)
Top of the 3rd over - 0 run(s), 0 hit(s), 0 error(s), 1 left on base; Ft. Polk South 0 - Westwood 0
BOTTOM OF THE 3RD
Westwood Sixshooters batting - Pitching for Ft. Polk South Thunder Hawks : RHP Fernando Peralta
Batting: RHB Manuel Becerra 0-0: Ball
1-0: Foul Ball, location: 2F
1-1: Fly out, F8 (Flyball, 8LM)
Batting: RHB Jason Boyer 0-0: Fly out, F8 (Flyball, 8RD)
Batting: RHB Wes Shannon 0-0: Ground out 5-3 (Groundball, 56S)
Bottom of the 3rd over - 0 run(s), 0 hit(s), 0 error(s), 0 left on base; Ft. Polk South 0 - Westwood 0
TOP OF THE 4TH
Ft. Polk South Thunder Hawks batting - Pitching for Westwood Sixshooters : RHP Miguel Hernández
Batting: RHB Darrell Goldstein 0-0: Ground out 3-1 (Groundball, 34)
Batting: SHB Ted Hansen 0-0: Called Strike
0-1: Fly out, F8 (Line Drive, 8RM)
Batting: RHB Jack Peck 0-0: Called Strike
0-1: Called Strike
0-2: Foul Ball, location: 2F
0-2: Foul Ball, location: 2F
0-2: Ball
1-2: Foul Ball, location: 2F
1-2: Strikes out looking
Top of the 4th over - 0 run(s), 0 hit(s), 0 error(s), 0 left on base; Ft. Polk South 0 - Westwood 0
BOTTOM OF THE 4TH
Westwood Sixshooters batting - Pitching for Ft. Polk South Thunder Hawks : RHP Fernando Peralta
Batting: RHB Ronnie Cleveland 0-0: Called Strike
0-1: Foul Ball, location: 2F
0-2: Ball
1-2: Foul Ball, location: 2F
1-2: Ball
2-2: Foul Ball, location: 2F
2-2: SINGLE (Groundball, 6MD)
Batting: SHB Tim Moss 0-0: Called Strike
0-1: Ball
1-1: Ball
2-1: SINGLE (Line Drive, 9S)
Ronnie Cleveland to second
Runner from 2nd tries for 3rd, SAFE, throw made to third
Batting: RHB Jorge Morales 0-0: Foul Ball, location: 2F
0-1: Foul Ball, location: 2F
0-2: Strikes out swinging
Batting: RHB Aurelio García 0-0: Swinging Strike
0-1: Called Strike
0-2: Fielders Choice at 2nd, 4-6 (Groundball, 4)
Ronnie Cleveland scores
Batting: RHB Jim Unknown 0-0: Ball
Aurelio García steals 2nd base
1-0: Ball
2-0: Ball
3-0: Base on Balls
Batting: RHB Sergio Martínez 0-0: Foul Ball, location: 2F
0-1: Ball
1-1: Called Strike
1-2: Ball
2-2: Strikes out looking
Bottom of the 4th over - 1 run(s), 2 hit(s), 0 error(s), 2 left on base; Ft. Polk South 0 - Westwood 1
TOP OF THE 5TH
Ft. Polk South Thunder Hawks batting - Pitching for Westwood Sixshooters : RHP Miguel Hernández
Batting: RHB Tommy Stanley 0-0: Foul Ball, location: 2F
0-1: Foul Ball, location: 2F
0-2: Ball
1-2: Ball
2-2: Foul Ball, location: 2F
2-2: Ball
3-2: Fly out, F9 (Flyball, 89M)
Batting: SHB Paul Wright 0-0: Called Strike
0-1: Ball
1-1: Ground out 4-3 (Groundball, 4)
Batting: LHB José López 0-0: Ball
1-0: Fly out, F9 (Flyball, 89XD)
Top of the 5th over - 0 run(s), 0 hit(s), 0 error(s), 0 left on base; Ft. Polk South 0 - Westwood 1
BOTTOM OF THE 5TH
Westwood Sixshooters batting - Pitching for Ft. Polk South Thunder Hawks : RHP Fernando Peralta
Batting: RHB Manuel Becerra 0-0: Ball
1-0: Foul Ball, location: 2F
1-1: Swinging Strike
1-2: Ground out 1-3 (Groundball, 15)
Batting: RHB Jason Boyer 0-0: Ball
1-0: Called Strike
1-1: Swinging Strike
1-2: Foul Ball, location: 2F
1-2: Ground out 6-3 (Groundball, 6)
Batting: RHB Wes Shannon 0-0: Fly out, F7 (Flyball, 7M)
Bottom of the 5th over - 0 run(s), 0 hit(s), 0 error(s), 0 left on base; Ft. Polk South 0 - Westwood 1
TOP OF THE 6TH
Ft. Polk South Thunder Hawks batting - Pitching for Westwood Sixshooters : RHP Miguel Hernández
Batting: RHB Henry Weber 0-0: Called Strike
0-1: Called Strike
0-2: Ball
1-2: Ball
2-2: Fly out, F8 (Flyball, 8LM)
Batting: SHB Francisco Reyes 0-0: Ball
1-0: Ball
2-0: Called Strike
2-1: Swinging Strike
2-2: Foul Ball, location: 2F
2-2: Ball
3-2: Base on Balls
Batting: RHB Robbie Chambers 0-0: Ball
1-0: Called Strike
1-1: Ball
2-1: Foul Ball, location: 2F
2-2: Foul Ball, location: 2F
2-2: Ball
3-2: Foul Ball, location: 2F
3-2: Fly out, F8 (Line Drive, 8RM)
3-2: Fly out, F8 (Line Drive, 8RM)
Batting: RHB Darrell Goldstein 0-0: Ball
1-0: Called Strike
Francisco Reyes steals 2nd base
1-1: Ball
2-1: Ball
3-1: Fly out, F7 (Line Drive, 78D)
Top of the 6th over - 0 run(s), 0 hit(s), 0 error(s), 1 left on base; Ft. Polk South 0 - Westwood 1
BOTTOM OF THE 6TH
Westwood Sixshooters batting - Pitching for Ft. Polk South Thunder Hawks : RHP Fernando Peralta
Batting: RHB Ronnie Cleveland 0-0: Foul Ball, location: 2F
0-1: Swinging Strike
0-2: Strikes out looking
Batting: SHB Tim Moss 0-0: Ball
1-0: Ball
2-0: Called Strike
2-1: Ball
Reached via error on a dropped throw, E3
Batting: RHB Jorge Morales 0-0: Ball
1-0: Ball
2-0: Ball
3-0: Called Strike
3-1: Base on Balls
Tim Moss to second
Batting: RHB Aurelio García 0-0: Ball
1-0: Fly out, F4 (Popup, 34)
Batting: RHB Jim Unknown 0-0: Called Strike
0-1: Ball
1-1: Swinging Strike
1-2: Strikes out swinging
Bottom of the 6th over - 0 run(s), 0 hit(s), 1 error(s), 2 left on base; Ft. Polk South 0 - Westwood 1
TOP OF THE 7TH
Ft. Polk South Thunder Hawks batting - Pitching for Westwood Sixshooters : RHP Miguel Hernández
Batting: SHB Ted Hansen 0-0: Called Strike
0-1: Foul Ball, location: 2F
0-2: Foul Ball, location: 2F
0-2: Ball
1-2: Ball
2-2: DOUBLE (Line Drive, 8RD)
Batting: RHB Jack Peck 0-0: Called Strike
0-1: Ball
1-1: Called Strike
1-2: Strikes out swinging
Batting: RHB Tommy Stanley 0-0: Swinging Strike
0-1: Ball
1-1: Foul Ball, location: 2F
1-2: Foul Ball, location: 2F
1-2: Strikes out swinging
Pitching: LHP Jeremy Vance
Pinch Hitting: RHB Héctor López 0-0: Called Strike
0-1: Ball
1-1: Ball
2-1: Ball
3-1: Base on Balls
Pinch Hitting: RHB Steven Grant 0-0: Foul Ball, location: 2F
0-1: Ball
1-1: Called Strike
1-2: Foul Ball, location: 2F
1-2: Strikes out swinging
Top of the 7th over - 0 run(s), 1 hit(s), 0 error(s), 2 left on base; Ft. Polk South 0 - Westwood 1
BOTTOM OF THE 7TH
Westwood Sixshooters batting - Pitching for Ft. Polk South Thunder Hawks : RHP Fernando Peralta
Now at 1B: Clark Calhoun
Now in LF: Héctor López
Batting: RHB Sergio Martínez 0-0: Ground out 1-3 (Groundball, 15)
Batting: RHB Manuel Becerra 0-0: Ball
1-0: Foul Ball, location: 2F
1-1: Ball
2-1: Foul Ball, location: 2F
2-2: Foul Ball, location: 2F
2-2: Ball
3-2: SINGLE (Line Drive, 6D)
Batting: RHB Jason Boyer 0-0: Called Strike
0-1: Ground out 4-3 (Groundball, 13)
Manuel Becerra to second
Batting: RHB Wes Shannon 0-0: Swinging Strike
0-1: Called Strike
0-2: Strikes out swinging
Bottom of the 7th over - 0 run(s), 1 hit(s), 0 error(s), 1 left on base; Ft. Polk South 0 - Westwood 1
TOP OF THE 8TH
Ft. Polk South Thunder Hawks batting - Pitching for Westwood Sixshooters : LHP Jeremy Vance
Pitching: LHP Don Bender
Now at 2B: Floyd Banks
Batting: RHB Henry Weber 0-0: Foul Ball, location: 2F
0-1: Ball
1-1: Ball
2-1: Foul Ball, location: 2F
2-2: Strikes out looking
Batting: SHB Francisco Reyes 0-0: Ball
1-0: Foul Ball, location: 2F
1-1: SINGLE (Line Drive, 89S)
Batting: RHB Robbie Chambers 0-0: Called Strike
0-1: Foul Ball, location: 2F
0-2: Ball
1-2: Foul Ball, location: 2F
1-2: Ground out 3-1 (Groundball, 23)
Francisco Reyes to second
Batting: RHB Darrell Goldstein 0-0: Called Strike
0-1: Foul Ball, location: 2F
0-2: Ground out 2-3 (Groundball, 23)
Top of the 8th over - 0 run(s), 1 hit(s), 0 error(s), 1 left on base; Ft. Polk South 0 - Westwood 1
BOTTOM OF THE 8TH
Westwood Sixshooters batting - Pitching for Ft. Polk South Thunder Hawks : RHP Fernando Peralta
Batting: RHB Ronnie Cleveland 0-0: Ball
1-0: Called Strike
1-1: Called Strike
1-2: Ball
2-2: Ball
3-2: Fly out, F7 (Line Drive, 7M)
Pitching: RHP Marc Graham
Batting: SHB Tim Moss 0-0: Ball
1-0: Ball
2-0: Swinging Strike
2-1: Foul Ball, location: 2F
2-2: Strikes out swinging
Batting: RHB Jorge Morales 0-0: Fly out, F8 (Flyball, 8RXD)
Bottom of the 8th over - 0 run(s), 0 hit(s), 0 error(s), 0 left on base; Ft. Polk South 0 - Westwood 1
TOP OF THE 9TH
Ft. Polk South Thunder Hawks batting - Pitching for Westwood Sixshooters : LHP Don Bender
Pitching: RHP Cisco Ortega
Now at 1B: Don Thomas
Batting: SHB Ted Hansen 0-0: Ball
1-0: Foul Ball, location: 2F
1-1: Foul Ball, location: 2F
1-2: Foul Ball, location: 2F
1-2: DOUBLE (Flyball, 8RXD)
Batting: RHB Jack Peck 0-0: Ball
1-0: Ball
2-0: Ball
3-0: Base on Balls
Pinch Runner at 2nd Alfredo González:
Batting: RHB Tommy Stanley 0-0: Ball
1-0: Sac Bunt - play at third, runner OUT! 1-5
Jack Peck to second
Batting: RHB Héctor López 0-0: Called Strike
0-1: Foul Ball, location: 2F
0-2: Ball
1-2: Ball
2-2: Strikes out swinging
Batting: RHB Clark Calhoun 0-0: Ball
1-0: Ball
2-0: Ball
3-0: Base on Balls
Jack Peck to third
Tommy Stanley to second
Pinch Hitting: RHB Jim Unknown 0-0: Ball
1-0: Foul Ball, location: 2F
1-1: Ball
2-1: Swinging Strike
2-2: Ball
3-2: Foul Ball, location: 2F
3-2: Base on Balls
Jack Peck scores
Tommy Stanley to third
Clark Calhoun to second
Batting: SHB Francisco Reyes 0-0: Called Strike
0-1: Ball
1-1: Fly out, F1 (Line Drive, 13)
Top of the 9th over - 1 run(s), 1 hit(s), 0 error(s), 3 left on base; Ft. Polk South 1 - Westwood 1
BOTTOM OF THE 9TH
Westwood Sixshooters batting - Pitching for Ft. Polk South Thunder Hawks : RHP Marc Graham
Now at C: Héctor Villarreal
Now at 3B: Jim Unknown
Pinch Hitting: LHB José Martínez 0-0: Foul Ball, location: 2F
0-1: Called Strike
0-2: Ball
1-2: Foul Ball, location: 2F
1-2: SINGLE (Groundball, 34D)
Batting: RHB Jim Unknown 0-0: Sac Bunt - play at second, runner OUT -> throw to first, DP!
Batting: RHB Sergio Martínez 0-0: TRIPLE (Line Drive, 5L)
Pinch Hitting: LHB Brian Boone 0-0: Ball
1-0: Ball
2-0: Ball
3-0: Foul Ball, location: 2F
3-1: Called Strike
3-2: Foul Ball, location: 2F
3-2: Strikes out swinging
Bottom of the 9th over - 0 run(s), 2 hit(s), 0 error(s), 1 left on base; Ft. Polk South 1 - Westwood 1
TOP OF THE 10TH
Ft. Polk South Thunder Hawks batting - Pitching for Westwood Sixshooters : RHP Cisco Ortega
Now at 2B: Winston Sparks
Now in LF: Brian Boone
Batting: RHB Robbie Chambers 0-0: Swinging Strike
0-1: Ball
1-1: Called Strike
1-2: Ball
2-2: SINGLE (Line Drive, 89S)
Batting: RHB Darrell Goldstein 0-0: Ball
1-0: Foul Ball, location: 2F
1-1: Ball
2-1: Fly out, F9 (Flyball, 9M)
Pinch Hitting: SHB Brian Wurz 0-0: Called Strike
0-1: Ball
1-1: Ball
2-1: Ball
3-1: Swinging Strike
3-2: Base on Balls
Robbie Chambers to second
Batting: RHB Jack Peck 0-0: Ball
1-0: Ball
2-0: Foul Ball, location: 2F
2-1: Foul Ball, location: 2F
2-2: SINGLE (Groundball, 6D)
Robbie Chambers to third
Brian Wurz to second
Batting: RHB Tommy Stanley 0-0: Ball
1-0: Called Strike
1-1: Foul Ball, location: 2F
1-2: SINGLE (Groundball, 34)
Robbie Chambers scores
Brian Wurz to third
Jack Peck to second
Pitching: RHP Fernando Solís
Batting: RHB Héctor López 0-0: Called Strike
0-1: Grounds into double play, 6-2-3 (Groundball, 6)
Top of the 10th over - 1 run(s), 3 hit(s), 0 error(s), 2 left on base; Ft. Polk South 2 - Westwood 1
BOTTOM OF THE 10TH
Westwood Sixshooters batting - Pitching for Ft. Polk South Thunder Hawks : RHP Marc Graham
Pitching: RHP Kip Hill
Now at C: Brian Wurz
Batting: RHB Jason Boyer 0-0: Ball
1-0: Called Strike
1-1: Foul Ball, location: 2F
1-2: Ball
2-2: Fly out, F8 (Flyball, 8RD)
Batting: RHB Wes Shannon 0-0: Foul Ball, location: 2F
0-1: Foul Ball, location: 2F
0-2: Foul Ball, location: 2F
0-2: Ball
1-2: Ball
2-2: Ball
3-2: Strikes out swinging
Batting: RHB Ronnie Cleveland 0-0: Ground out 5-3 (Groundball, 5L)
Bottom of the 10th over - 0 run(s), 0 hit(s), 0 error(s), 0 left on base; Ft. Polk South 2 - Westwood 1
This league is powered by Out of the Park Baseball, the baseball management simulation game for PC, Mac and Linux
Friday, April 15th, 2016 - OOTP Baseball 16.9 Build 39